 Dungeon Crawl Stone Soup version 0.32-a0-630-g46d191b (webtiles) character file.

Game seed: 10837961089323495616

76278 aor the Blocker (level 15, -13/100 (106) HPs)
             Began as an Octopode Monk on Mar 6, 2024.
             Was the Champion of Cheibriados.
             Mangled by a +0 battleaxe of draining (32 damage)
             ... on level 1 of the Elven Halls.
             The game lasted 00:44:28 (17932 turns).

aor the Blocker (Octopode Monk)                    Turns: 17932, Time: 00:44:29

HP:   -13/100 (106) AC:  8    Str: 30    XL:     15   Next: 53%
MP:   22/22         EV: 29    Int: 33    God:    Cheibriados [******]
Gold: 798           SH: 22    Dex: 41    Spells: 14/14 levels left

rFire   + +          .
                       - Unarmed
rCold   + . .        B - +0 kite shield
rNeg    . . .        R - +1 hat
rPois   +            I - amulet of reflection
rElec   .            l - +6 ring of dexterity
rCorr   .            s - ring of see invisible
SInv    +            y - +4 ring of protection
Will    +....        H - ring of protection from cold
Stlth   +++++        w - ring of poison resistance
HPRegen 0.36/turn    j - ring of protection from fire
MPRegen 0.18/turn    Y - +4 ring of slaying
                     W - ring "Ackoul" {rF+ Int+6 Dex+2 Stlth+}

%: reflection
@: maw-form, marked, studying Short Blades, drained, very slow
A: devouring maw, almost no armour, amphibious, 8 rings, camouflage 1,
gelatinous body 1, (nimble swimmer 1), tentacles, iridescent scales 1, clumsy 1,
strong 1
a: Begin Untransformation, Renounce Religion, Bend Time, Temporal Distortion,
Slouch, Step From Time


You were on level 1 of the Elven Halls.
You worshipped Cheibriados.
Cheibriados was exalted by your worship.
You were a creature with a mouth for a stomach.
You visited 4 branches of the dungeon, and saw 18 of its levels.

You collected 2552 gold pieces.
You spent 1754 gold pieces at shops.

Inventory:

Missiles
 k - 21 poisoned darts
 m - 19 boomerangs (quivered)
 o - 3 silver javelins
Armour
 b - an orb of light
 B - a +0 kite shield (worn)
 R - a +1 hat (worn)
Jewellery
 j - a ring of protection from fire (on tentacle)
 l - a +6 ring of dexterity (left tentacle)
 s - a ring of see invisible (right tentacle)
 w - a ring of poison resistance (on tentacle)
 y - a +4 ring of protection (on tentacle)
 H - a ring of protection from cold (on tentacle)
 I - an amulet of reflection (around mantle)
 K - a ring of magical power
 L - a +6 ring of dexterity
 O - an amulet of guardian spirit
 P - a ring of wizardry
 Q - a ring of magical power
 W - the ring "Ackoul" (on tentacle) {rF+ Int+6 Dex+2 Stlth+}
   (You found it on level 5 of the Lair of Beasts)

   [ring of intelligence]

   Int+6:     It affects your intelligence (+6).
   Dex+2:     It affects your dexterity (+2).
   rF+:       It protects you from fire.
   Stlth+:    It makes you more stealthy.
 Y - a +4 ring of slaying (on tentacle)
Talismans
 v - a maw talisman (active)
Wands
 q - a wand of acid (9)
 z - a wand of iceblast (25)
 D - a wand of flame (7)
 N - a wand of polymorph (11)
 T - a wand of digging (3)
Scrolls
 c - 5 scrolls of teleportation
 d - 2 scrolls of summoning {unknown}
 e - 5 scrolls of fog
 g - a scroll of blinking
 h - 2 scrolls of enchant armour {unknown}
 n - 4 scrolls of poison
 p - a scroll of vulnerability {unknown}
 t - 2 scrolls of torment {unknown}
 u - 3 scrolls of fear
 A - 3 scrolls of silence
 E - 2 scrolls of immolation {unknown}
 G - a scroll of enchant weapon {unknown}
 U - a scroll of revelation {unknown}
Potions
 a - a potion of ambrosia
 f - 2 potions of berserk rage {unknown}
 i - a potion of mutation
 r - 7 potions of curing
 x - 3 potions of attraction
 C - 2 potions of brilliance {unknown}
 F - a potion of invisibility
 J - 2 potions of lignification {unknown}
 M - 2 potions of haste {unknown}
 V - 2 potions of might {unknown}
 X - a potion of enlightenment {unknown}
 Z - a potion of heal wounds
Miscellaneous
 S - a condenser vane


   Skills:
 + Level 11.1 Fighting
 + Level 11.1 Dodging
 + Level 11.1 Shields
 + Level 11.1 Unarmed Combat
 - Level 10.0 Invocations
 - Level 10.0 Evocations
 + Level 10.9 Shapeshifting


You had 14 spell levels left.
You didn't know any spells.
Your spell library contained the following spells:

 Spells                   Type           Power      Damage    Failure   Level
 Freeze                   Ice            0%         1d3       12%         1
 Blink                    Tloc           0%         N/A       19%         2
 Cigotuvi's Dreadful Rot  Necr/Alch/Air  0%         N/A       19%         2
 Lesser Beckoning         Tloc           0%         N/A       19%         2
 Momentum Strike          Conj/Tloc      0%         3d8       19%         2
 Scorch                   Fire           0%         2d5       19%         2
 Frozen Ramparts          Ice            0%         1d1       34%         3
 Hailstorm                Conj/Ice       0%         3d5       34%         3
 Summon Ice Beast         Ice/Summ       0%         N/A       34%         3
 Volatile Blastmotes      Fire/Tloc      0%         2d10      34%         3
 Brom's Barrelling Bould  Conj/Erth      0%         2d3       75%         4
 Dispel Undead            Necr           0%         3d6       75%         4
 Flame Wave               Conj/Fire      0%         2d4       75%         4
 Fulminant Prism          Conj/Alch      0%         3d5       75%         4
 Iskenderun's Mystic Bla  Conj/Tloc      0%         2d3       75%         4
 Martyr's Knell           Necr/Summ      0%         N/A       75%         4
 Iskenderun's Battlesphe  Conj           0%         2d6       97%         5
 Lee's Rapid Deconstruct  Erth           0%         3d4*      97%         5
 Summon Mana Viper        Hex/Summ       0%         N/A       97%         5
 Death Channel            Necr           0%         N/A       100%        6
 Monstrous Menagerie      Summ           0%         N/A       100%        7
 Ignition                 Fire           0%         3d3       100%        8


Dungeon Overview and Level Annotations

Branches:
Dungeon (10/15)            Temple (0/1) D:7            Lair (5/5) D:10
  Swamp (0/4) Lair:2       Spider (0/4) Lair:3        Slime (0/5) Lair:5
    Orc (2/2) D:9             Elf (1/3) Orc:2

Altars:
Cheibriados
Dithmenos
Elyvilon
Fedhas
Hepliaklqana
Kikubaaqudgha
Makhleb
Nemelex Xobeh
Ru
Sif Muna
Vehumet
Wu Jian
Xom
Yredelemnul
Zin
Jiyva

Shops:
D:9 =   Orc:2 [*(=

Annotations:
D:10 1 runed translucent door, FilltheMatrix's ghost, journeyman OpSh
Lair:5 exclusion: 2 oklob plants


Innate Abilities, Weirdness & Mutations

You are a creature with a mouth for a stomach.
Your midsection houses a second, enormous mouth.
You cannot wear most types of armour.
You are amphibious.
You can wear up to eight rings at the same time.
Your skin changes colour to match your surroundings (Stealth+).
Your rubbery body absorbs attacks. (AC +1, EV +1)
((You are camouflaged when in or above water. (Stealth+)))
You have tentacles for arms and can constrict up to eight enemies at once.
You are partially covered in iridescent scales. (AC +2)
You are clumsy. (Dex -2)
Your muscles are strong. (Str +4, Int/Dex -1)


Message History

The fire elemental disappears in a puff of smoke!
The +4 war axe of electrocution completely misses you.
The +4 war axe of electrocution hits you!! x2
You bludgeon the +4 war axe of electrocution!
You grab the +4 war axe of electrocution.
The +4 war axe of electrocution is moderately damaged.
You constrict the +4 war axe of electrocution.
The +4 war axe of electrocution closely misses you.
You block the +4 war axe of electrocution's attack.
You tentacle-slap the +4 war axe of electrocution.
You bite the +4 war axe of electrocution.
The +4 war axe of electrocution is severely damaged.
You constrict the +4 war axe of electrocution!
You block the +4 war axe of electrocution's attack.
You batter the +4 war axe of electrocution!!
The +4 war axe of electrocution falls from the air.
Cheibriados appreciates the change of pace.
A water elemental comes into view.
You block the +0 battleaxe of draining's attack.
A deep elf knight comes into view.
You block the +0 battleaxe of draining's attack.
You block the +0 battleaxe of draining's attack.
A deep elf zephyrmancer comes into view.
It is wielding a +0 rapier.
The +0 battleaxe of draining completely misses you.
The +0 battleaxe of draining attacks as it pursues you!
You block the +0 battleaxe of draining's attack.
The +0 battleaxe of draining completely misses you.
Things that are here:
a +1 rapier of draining; a +0 scale mail You tentacle-slap the +0 battleaxe of draining but do no damage.
Your grab misses the +0 battleaxe of draining.
You squeeze the +0 battleaxe of draining.
Your bite misses the +0 battleaxe of draining.
The +0 battleaxe of draining is lightly damaged.
A +0 short sword of flaming comes into view.
The +0 battleaxe of draining hits you!!
You feel drained.
* * * LOW HITPOINT WARNING * * *
The +0 battleaxe of draining hits you!!
You die...
Cheibriados appreciates the motionlessness of death.

#######.............#.........
#..###.#.###..#.)####+## #..#
#().# #..#..#...... #..# #.e.#
#..'..#...... '..# #.ß.#
#..#..#...... .#..# #...#
#..#..#'##### ..#.. #E.e#
#..#......... #(ß.#
#..#......... #.W.#
#..########## #...#
#............ ##.##
#............ #.#
############# #.# #.# ##)##
#.).# #.<.#


You could see a deep elf knight, a water elemental, a deep elf zephyrmancer and
2 dancing weapons.

Vanquished Creatures
  Gastronok (Lair:3)
  A deep elf sorcerer (Elf:1)
  2 orc warlords
  An ettin (Orc:2)
  Josephine (D:9)
  Fannar (Lair:3)
  4 hydras
  Erolcha (Orc:1)
  Erica (D:8)
  A boulder beetle (Lair:5)
  3 two-headed ogres
  6 dancing weapons (Elf:1)
  Urug (D:10)
  3 orc high priests
  3 deep elf knights (Elf:1)
  A skeletal warrior (D:7)
  3 skysharks
  A bog body (Lair:2)
  3 orc knights
  An oklob plant (Lair:5)
  9 deep elf pyromancers
  2 thermic dynamos (Elf:1)
  6 deep elf zephyrmancers (Elf:1)
  4 orc sorcerers
  4 black mambas
  9 elephants
  2 kobold blastminers (Orc:2)
  Joseph (D:8)
  22 cane toads
  11 komodo dragons
  3 rime drakes
  4 polar bears
  5 trolls (Orc:2)
  3 tyrant leeches (Lair:5)
  36 blink frogs
  8 wraiths
  45 yaks
  6 wyverns
  4 steam dragons
  4 wargs
  6 basilisks
  5 vampire mosquitoes (Lair:5)
  An acid dragon (D:7)
  5 water moccasins
  Duvessa (D:6)
  26 orc warriors
  5 sky beasts
  3 black bears
  An ice beast (D:7)
  5 ogres
  6 centaurs
  3 wolves (Lair:5)
  A phantom (D:7)
  A kobold brigand (D:9)
  16 bullfrogs
  Blork the orc (D:4)
  A gnoll sergeant (D:9)
  9 scorpions
  An earth elemental (Elf:1)
  3 wights (D:10)
  A burial acolyte (D:5)
  Dowan (D:6)
  8 killer bees
  3 electric eels
  2 howler monkeys
  A lava snake (D:7)
  A bombardier beetle (D:6)
  3 hounds
  16 orc priests
  A jelly (D:6)
  Crazy Yiuf (D:5)
  A gnoll bouda (D:9)
  3 iguanas
  A sleepcap (D:7)
  Natasha (twice) (D:4)
  12 orc wizards
  2 hound zombies (D:5)
  14 gnolls
  5 adders
  2 shadow imps (D:5)
  4 white imps
  4 ufetubi (D:5)
  An adder zombie (D:5)
  4 ribbon worms (Lair:3)
  53 orcs
  7 bats
  6 endoplasms
  6 giant cockroaches
  A gnoll zombie (D:5)
  2 goblins
  7 hobgoblins
  3 jackals (D:5)
  9 kobolds
  2 quokkas
  7 ball pythons
  2 frilled lizards
  3 kobold zombies (D:5)
  6 rats
534 creatures vanquished.

Vanquished Creatures (others)
  An orc (Orc:1)
1 creature vanquished.

Grand Total: 535 creatures vanquished

Notes
Turn   | Place    | Note
-------+----------+-------------------------------------------
     0 | D:1      | aor the Octopode Monk began the quest for the Orb.
     0 | D:1      | Reached XP level 1. HP: 16/16 MP: 1/1
    61 | D:1      | Reached XP level 2. HP: 16/21 MP: 2/2
   643 | D:1      | Reached XP level 3. HP: 23/26 MP: 3/3
  2051 | D:3      | Reached XP level 4. HP: 33/33 MP: 4/4
  2128 | D:3      | Found a faded altar of an unknown god.
  2308 | D:3      | Found a sparkling altar of Nemelex Xobeh.
  2528 | D:3      | Got the Encyclopedia of the Incendiary Gargoyle
  2627 | D:3      | Found a burning altar of Makhleb.
  2627 | D:3      | Noticed an Executioner
  2636 | D:3      | Noticed a hellwing
  2636 | D:3      | Noticed a hellwing
  2827 | D:4      | Noticed Natasha
  2831 | D:4      | Killed Natasha
  2832 | D:4      | Reached skill level 1 in Evocations
  2836 | D:4      | Reached XP level 5. HP: 16/37 MP: 5/5
  3253 | D:4      | Noticed Blork the orc
  3259 | D:4      | Noticed Natasha
  3260 | D:4      | Killed Blork the orc
  3261 | D:4      | Reached skill level 1 in Shapeshifting
  3261 | D:4      | Killed Natasha
  3262 | D:4      | Reached XP level 6. HP: 19/43 MP: 6/6
  3617 | D:4      | Found a snail-covered altar of Cheibriados.
  3786 | D:4      | Became a worshipper of Cheibriados the Contemplative
  3786 | D:4      | Reached * piety under Cheibriados
  3786 | D:4      | Reached ** piety under Cheibriados
  3798 | D:5      | Entered Level 5 of the Dungeon
  3951 | D:5      | Reached XP level 7. HP: 25/48 MP: 7/7
  4135 | D:5      | Found an ancient bone altar of Kikubaaqudgha.
  4171 | D:5      | Reached *** piety under Cheibriados
  4358 | D:5      | Found a runed translucent door.
  4359 | D:5      | Noticed Crazy Yiuf
  4364 | D:5      | Killed Crazy Yiuf
  4640 | D:6      | Noticed Duvessa
  4642 | D:6      | Noticed Dowan
  4650 | D:6      | Killed Duvessa
  4651 | D:6      | Reached skill level 5 in Shapeshifting
  4661 | D:6      | Killed Dowan
  4868 | D:6      | Reached XP level 8. HP: 51/54 MP: 8/8
  5151 | D:6      | Found a shimmering blue altar of Sif Muna.
  5220 | D:6      | Found a hazy altar of Hepliaklqana.
  5565 | D:6      | Found a blossoming altar of Fedhas.
  5742 | D:7      | Reached **** piety under Cheibriados
  6007 | D:7      | Found a staircase to the Ecumenical Temple.
  6078 | D:7      | Reached XP level 9. HP: 56/58 MP: 9/9
  6446 | D:7      | Reached ***** piety under Cheibriados
  6451 | D:7      | Identified the +0 leather armour of the Fletcher {rN+ Will+
                  | Dex-3 SInv}
  6451 | D:7      | Noticed a deep elf pyromancer
  6567 | D:7      | Found a glowing silver altar of Zin.
  6661 | D:7      | Found an ornate altar of the Wu Jian Council.
  6692 | D:7      | Reached skill level 10 in Shapeshifting
  6692 | D:7      | Reached skill level 1 in Shields
  6874 | D:8      | Noticed Erica
  6885 | D:8      | Killed Erica
  6886 | D:8      | Reached XP level 10. HP: 17/65 MP: 9/13
  7078 | D:8      | Noticed Joseph
  7094 | D:8      | Killed Joseph
  7102 | D:8      | Identified the +3 whip of Figriomn {speed, rF+ Will+}
  7422 | D:8      | Noticed a two-headed ogre
  7553 | D:9      | Gained mutation: You are clumsy. (Dex -2) [potion of
                  | mutation]
  7553 | D:9      | Gained mutation: You are partially covered in iridescent
                  | scales. (AC +2) [potion of mutation]
  7553 | D:9      | Gained mutation: Your muscles are strong. (Str +4, Int/Dex
                  | -1) [potion of mutation]
  7728 | D:9      | Reached skill level 5 in Fighting
  7769 | D:9      | Noticed a two-headed ogre
  7778 | D:9      | Killed a two-headed ogre
  7779 | D:9      | Reached skill level 5 in Dodging
  7779 | D:9      | Reached skill level 5 in Shields
  7779 | D:9      | Reached skill level 5 in Unarmed Combat
  7841 | D:9      | Found Bumudoz's Jewellery Shoppe.
  7844 | D:9      | Bought an amulet of reflection for 330 gold pieces
  7983 | D:9      | Found a staircase to the Orcish Mines.
  8040 | D:9      | Found a basalt altar of Yredelemnul.
  8040 | D:9      | Found a sacrificial altar of Ru.
  8465 | D:7      | Got the Parchment of Assaults
  8486 | D:7      | Killed a deep elf pyromancer
  8487 | D:7      | Reached skill level 5 in Invocations
  8487 | D:7      | Reached skill level 5 in Evocations
  8575 | D:7      | Noticed a skeletal warrior
  8582 | D:7      | Killed a skeletal warrior
  8583 | D:7      | Reached XP level 11. HP: 26/72 MP: 13/15
  8832 | D:7      | Found a shadowy altar of Dithmenos.
  9170 | D:8      | Killed a two-headed ogre
  9289 | D:9      | Bought a +6 ring of dexterity for 396 gold pieces
  9310 | D:10     | Entered Level 10 of the Dungeon
  9514 | D:10     | Noticed Urug
  9539 | D:10     | Noticed Josephine
  9662 | D:10     | Killed Urug
  9861 | D:9      | Killed Josephine
 10270 | D:10     | Found a radiant altar of Vehumet.
 10357 | D:10     | Found a white marble altar of Elyvilon.
 10425 | D:10     | Found a runed translucent door.
 10426 | D:10     | Found a shimmering altar of Xom.
 10426 | D:10     | Noticed FilltheMatrix's ghost (journeyman OpSh)
 10426 | D:10     | Noticed a +1 flail of chaos
 10442 | D:10     | Found a staircase to the Lair.
 10593 | Lair:1   | Entered Level 1 of the Lair of Beasts
 10693 | Lair:1   | Reached XP level 12. HP: 46/80 MP: 17/17
 11587 | Lair:2   | Found a staircase to the Swamp.
 11602 | Lair:2   | Noticed a five-headed hydra
 11658 | Lair:2   | Killed a five-headed hydra
 11811 | Lair:2   | Got the Directory of Conflagration
 12138 | Lair:3   | Noticed Fannar
 12198 | Lair:3   | Killed Fannar
 12199 | Lair:3   | Reached XP level 13. HP: 57/88 MP: 19/19
 12413 | Lair:3   | Noticed Gastronok
 12645 | Lair:3   | Killed Gastronok
 12653 | Lair:3   | Reached ****** piety under Cheibriados
 12958 | Lair:3   | Found a hole to the Spider Nest.
 13383 | Lair:3   | You fall into a shaft and drop 2 floors!
 13383 | Lair:5   | Entered Level 5 of the Lair of Beasts
 13473 | Lair:5   | Reached XP level 14. HP: 97/97 MP: 21/21
 14656 | Lair:5   | Reached skill level 10 in Invocations
 14656 | Lair:5   | Reached skill level 10 in Evocations
 15079 | Lair:5   | Reached skill level 10 in Shields
 15084 | Lair:5   | Reached skill level 10 in Fighting
 15084 | Lair:5   | Reached skill level 10 in Dodging
 15084 | Lair:5   | Reached skill level 10 in Unarmed Combat
 15217 | Lair:5   | Identified the ring "Ackoul" {rF+ Int+6 Dex+2 Stlth+}
 15236 | Lair:5   | Found a viscous altar of Jiyva.
 15239 | Lair:5   | Found a staircase to the Slime Pits.
 15558 | Orc:1    | Entered Level 1 of the Orcish Mines
 15591 | Orc:1    | Paralysed by an orc sorcerer for 2 turns
 15592 | Orc:1    | Noticed Erolcha
 15784 | Orc:1    | Killed Erolcha
 16050 | Orc:2    | Entered Level 2 of the Orcish Mines
 16110 | Orc:2    | Noticed an orc warlord
 16130 | Orc:1    | Killed an orc warlord
 16375 | Orc:2    | Noticed an orc warlord
 16387 | Orc:2    | Killed an orc warlord
 16626 | Orc:2    | Found Recauj's Antique Armour Shoppe.
 16655 | Orc:2    | Reached XP level 15. HP: 105/105 MP: 22/22
 16800 | Orc:2    | Found Tiqih's General Store.
 16826 | Orc:2    | Bought a potion of curing for 51 gold pieces
 16826 | Orc:2    | Bought a scroll of identify for 34 gold pieces
 16826 | Orc:2    | Bought a potion of heal wounds for 85 gold pieces
 16847 | Orc:2    | Found Inij's Jewellery Shoppe.
 16924 | Orc:2    | Found a staircase to the Elven Halls.
 16949 | Orc:2    | Found Tofier Dast's Antique Weapon Shop.
 17147 | Orc:2    | Bought a +4 ring of slaying for 858 gold pieces
 17162 | Elf:1    | Entered Level 1 of the Elven Halls
 17241 | Elf:1    | Noticed a deep elf sorcerer
 17891 | Elf:1    | Killed a deep elf sorcerer
 17932 | Elf:1    | Mangled by a +0 battleaxe of draining

Illustrated notes

Levels and vault maps discovered:
D:1:      erik_arrival_cave_to_civilisation [erik_arrival_cave_to_hall],
          layout_loops_corners
D:2:      layout_basic, minmay_statues_item
D:3:      layout_basic, makhleb_altar_promises_db, nemelex_dance_club_becter,
          hellmonk_ecumenical_altar_slurped_away, nicolae_hexahallways
D:4:      layout_loops_ring, cheibriados_altar_1, uniq_natasha,
          uniq_blork_the_orc
D:5:      layout_basic, regret_index_kikubaaqudgha_part_by_part,
          grunt_ministairs_12, uniq_crazy_yiuf_cottage
D:6:      layout_cave_pods, nicolae_sif_muna_little_library, fedhas_altar_3,
          kennysheep_mini, nicolae_elevator_lobby_plus, uniq_duvessa
D:7:      minmay_the_grid_plus_closed [minmay_the_grid_small_cups,
          minmay_the_grid_dragon_b, minmay_the_grid_stretched_grid,
          minmay_the_grid_spin_star, minmay_the_grid_prize_trominoes],
          layout_basic, grunt_dithmenos_shadows,
          mainiacjoe_overflow_catch_the_wave, minmay_temple_entry_glassed_door
D:8:      layout_basic, serial_library_hellmonk_small_alcove, uniq_erica,
          uniq_joseph
D:9:      layout_grid_maze, gammafunk_temple_overflow_statue, orc_0_dummy,
          serial_shops, shop
D:10:     layout_cave_pools, pf_just_have_faith, mainiacjoe_overflow_chevrons,
          grunt_lair_entry_orc_guard_hut, ebering_ghost_xom, st_stairs_9,
          uniq_urug, uniq_josephine
Lair:1:   layout_gridlike
Lair:2:   layout_cave_shapes, skrybe_swamp_entry_bodies
Lair:3:   layout_gridlike, nicolae_spider_entry_non_spiders, uniq_gastronok,
          uniq_fannar
Lair:4:   layout_long_grid
Lair:5:   minmay_lair_end_frog_pond, layout_loops_ring,
          minmay_slime_entry_oklob_enclosed
Orc:1:    layout_caves, uniq_erolcha
Orc:2:    grunt_orc_gardens, layout_diamond_mine, grunt_orc_garden,
          grunt_orc_garden, grunt_orc_garden, grunt_orc_garden
Elf:1:    elf_arrival_001, layout_onion_city, serial_shops, shop,
          hangedman_elven_crosses_minicolossus

Skill      XL: |  1  2  3  4  5  6  7  8  9 10 11 12 13 14 15 |
---------------+----------------------------------------------+-----
Fighting       | 4 5 6 8 9 10 11 | 11.1
Evocations     | 1 2 3 4 5 6 8 9 10 | 10.0
Dodging        | 4 5 6 8 9 10 11 | 11.1
Unarmed Combat | 4 5 6 8 9 10 11 | 11.1
Shapeshifting  | 1 3 5 8 10 | 10.9
Shields        | 4 5 6 8 9 10 11 | 11.1
Invocations    | 4 5 6 8 9 10 | 10.0

Action                     |  1- 3 |  4- 6 |  7- 9 | 10-12 | 13-15 || total
---------------------------+-------+-------+-------+-------+-------++-------
  Melee: Unarmed           |    55 |    80 |   218 |   364 |   606 ||  1323
         Constrict         |    25 |    35 |    49 |    62 |   123 ||   294
         Tentacles         |    10 |    27 |    74 |   128 |   193 ||   432
         Punch             |     1 |     8 |    10 |    34 |    71 ||   124
         Maw               |       |       |    20 |   196 |   301 ||   517
  Throw: Dart              |       |       |     3 |     9 |       ||    12
         Boomerang         |       |       |     1 |     4 |     1 ||     6
         Throwing net      |       |       |       |     2 |       ||     2
 Invoke: Slouch            |       |       |       |       |     1 ||     1
  Evoke: Wand              |       |     3 |     7 |     8 |       ||    18
    Use: Potion            |       |       |     4 |     2 |     2 ||     8
         Scroll            |       |       |     7 |     5 |     4 ||    16
   Stab: Sleeping          |     2 |     1 |     7 |    13 |     6 ||    29
         Held in net/web   |       |       |       |     2 |       ||     2
         Distracted        |       |       |       |     2 |    10 ||    12
         Invisible         |       |       |       |       |     5 ||     5
 Armour: Skin              |    16 |    34 |   102 |   120 |   164 ||   436
  Dodge: Dodged            |    26 |    73 |   129 |   174 |   348 ||   750
  Block: Kite shield       |       |       |    92 |   387 |   781 ||  1260
         Reflection        |       |       |       |    13 |    62 ||    75
   Form: Maw               |       |       |     1 |       |       ||     1

Table legend: (Time is in decaauts)
 A = Elapsed time spent in this place.
 B = Non-inter-level travel time spent in this place.
 C = Inter-level travel time spent in this place.
 D = Time resting spent in this place.
 E = Time spent auto-exploring this place.
 F = Levels seen in this place.
 G = Mean time per level.
                   A        B        C        D        E       F      G
               +--------+--------+--------+--------+--------+-----+--------+
         Total |  25533 |  24219 |   1314 |     20 |  18603 |  18 | 1418.5 |
       Dungeon |  13738 |  12894 |    844 |     20 |  10733 |  10 | 1373.8 |
          Lair |   8105 |   7726 |    379 |      0 |   5920 |   5 | 1621.0 |
  Orcish Mines |   2490 |   2401 |     89 |      0 |   1653 |   2 | 1245.0 |
   Elven Halls |   1199 |   1199 |      0 |      0 |    296 |   1 | 1199.0 |
               +--------+--------+--------+--------+--------+-----+--------+

Top non-repeatable levels by time:
     D:7: 2523 daAuts
     D:9: 2163 daAuts
  Lair:5: 1960 daAuts
  Lair:3: 1816 daAuts
     D:6: 1715 daAuts
   Orc:2: 1607 daAuts
  Lair:1: 1489 daAuts
  Lair:4: 1427 daAuts
  Lair:2: 1411 daAuts
     D:8: 1361 daAuts
   Elf:1: 1199 daAuts
     D:1: 1098 daAuts
    D:10: 1097 daAuts
     D:5: 1055 daAuts
     D:4: 1012 daAuts
